 Dungeon Crawl Stone Soup version 0.29-a0-222-g5b244fca1f (webtiles) character file.

Game seed: 5541581911803205975

8122 Hasart the Carver (level 10, 0/83 HPs)
             Began as a Demigod Gladiator on Feb 27, 2022.
             Killed from afar by a tengu conjurer (21 damage)
             ... with a bolt of lightning
             ... on level 9 of the Dungeon.
             The game lasted 00:25:44 (13405 turns).

Hasart the Carver (Demigod Gladiator)              Turns: 13405, Time: 00:25:45

Health: 0/83       AC: 15    Str: 20    XL:     10   Next: 77%
Magic:  4/4        EV: 13    Int: 10    God:
Gold:   432        SH:  0    Dex: 33    Spells: 9/9 levels left

rFire   . . .      SeeInvis .   f - +8 triple sword of the Shoals {antimagic, Str+3}
rCold   . . .      Faith    .   (shield currently unavailable)
rNeg    + . .      Spirit   .   o - +4 chain mail of Foosaqod {rN+ Str+2}
rPois   .          Reflect  .   c - +0 helmet
rElec   .          Harm     .   (no cloak)
rCorr   .          Rampage  .   (no gloves)
Will    +....                   v - +1 pair of boots
Stlth   +.........              (no amulet)
HPRegen 0.23/turn               z - +6 ring of dexterity
MPRegen 0.09/turn               (no ring)

@: no status effects
A: high MP 1, forlorn, divine attributes
a: no special abilities


You were on level 9 of the Dungeon.
You visited 1 branch of the dungeon, and saw 9 of its levels.

You collected 432 gold pieces.

Inventory:

Hand Weapons
 a - a +0 long sword
 f - the +8 triple sword of the Shoals (weapon) {antimagic, Str+3}
   (You acquired it on level 6 of the Dungeon)

   It reduces the magical energy of the wielder, and disrupts the spells and
   magical abilities of those it strikes.
   Natural abilities and divine invocations are not affected.
   Str:       It affects your strength (+3).
 n - a +0 dagger of venom
 D - a +2 long sword
Missiles
 d - 4 throwing nets
 u - 8 poisoned darts (quivered)
Armour
 b - a +0 leather armour
 c - a +0 helmet (worn)
 o - the +4 chain mail of Foosaqod (worn) {rN+ Str+2}
   (You found it on level 2 of the Dungeon)

   Str:       It affects your strength (+2).
   rN:        It protects you from negative energy.
 v - a +1 pair of boots (worn)
Jewellery
 z - a +6 ring of dexterity (left hand)
 B - a ring of ice
Wands
 y - a wand of charming (1)
Scrolls
 h - 7 scrolls of identify {unknown}
 i - 2 scrolls of enchant weapon {unknown}
 l - a scroll of fear {unknown}
 q - 2 scrolls of blinking {unknown}
 t - 2 scrolls of vulnerability {unknown}
 w - a scroll of brand weapon {unknown}
 A - a scroll of fog {unknown}
 E - a scroll of immolation {unknown}
Potions
 e - a potion of flight {unknown}
 j - 3 potions of might {unknown}
 k - 2 potions of heal wounds {unknown}
 m - a potion of magic {unknown}
 p - 2 potions of invisibility {unknown}
 r - a potion of curing
 s - a potion of mutation {unknown}
 x - a potion of resistance {unknown}
 C - 3 potions of lignification {unknown}


   Skills:
 + Level 6.2 Fighting
 * Level 9.1 Long Blades
 + Level 6.3 Throwing
 + Level 6.7 Dodging
 + Level 6.5 Stealth
 + Level 4.7 Evocations


You had 9 spell levels left.
You didn't know any spells.
Your spell library contained the following spells:

 Spells                   Type           Power      Damage    Failure   Level
 Static Discharge         Conj/Air       0%         N/A       100%        2
 Call Canine Familiar     Summ           0%         N/A       100%        3
 Ignite Poison            Fire/Tmut/Pois 0%         N/A       100%        3
 Mephitic Cloud           Conj/Pois/Air  0%         N/A       100%        3
 Portal Projectile        Hex/Tloc       0%         N/A       100%        3
 Leda's Liquefaction      Hex/Erth       0%         N/A       100%        4
 Freezing Cloud           Conj/Ice/Air   0%         6-21      100%        5
 Lightning Bolt           Conj/Air       0%         1d11      100%        5
 Maxwell's Capacitive Co  Air            0%         ∞         100%        8


Dungeon Overview and Level Annotations

Branches:
Dungeon (9/15)             Temple (0/1) D:7
   Lair: D:8-11         Orc: D:9-12

Shops:
D:1 !


Innate Abilities, Weirdness & Mutations

You have an increased reservoir of magic. (+10% MP)
You shall have no god before yourself.
Your divine heritage dramatically boosts your attributes as you level up.


Message History

Unknown command.
Unknown command.
Things that are here:
a +0 battleaxe; a +0 chain mail; an orc corpse Unknown command.
You barely miss the tengu conjurer.
The tengu conjurer is lightly wounded.
The tengu conjurer hits you.
* * * LOW HITPOINT WARNING * * *
The tengu conjurer closely misses you.
The tengu conjurer claws you but does no damage.
The tengu conjurer closely misses you.
The tengu conjurer pecks you but does no damage.
The tengu conjurer misses you.
You feel better. The tengu conjurer hits you.
* * * LOW HITPOINT WARNING * * *
The tengu conjurer pecks you but does no damage.
The tengu conjurer barely misses you.
The tengu conjurer hits you but does no damage.
The tengu conjurer barely misses you.
The tengu conjurer claws you but does no damage.
You carve the tengu conjurer like a turkey!!!
You kill the tengu conjurer!
The tengu conjurer hits you but does no damage.
The tengu conjurer misses you. The tengu conjurer barely misses you.
Unknown command.
You miss the tengu conjurer. The tengu conjurer closely misses you.
The tengu conjurer pecks you but does no damage.
The tengu conjurer claws you but does no damage.
You closely miss the tengu conjurer.
The tengu conjurer gestures wildly while chanting.
The tengu conjurer conjures a globe of magical energy!
The tengu conjurer barely misses you.
The tengu conjurer pecks you but does no damage.
The tengu conjurer misses you.
A battlesphere comes into view.
You closely miss the tengu conjurer.
The tengu conjurer gestures at you while chanting.
The bolt of lightning hits you!!
You die...

......z...#
#.##.## #.
#.........#
#.##..###.
##........#
#.##......
#........#
##.##..####
##........#
#..#...#
##.....##.#
##......#
##z....###..##
###...###.#
##..##.#
#(..######...###
#..# ....# ##
#)*Q@.....##
##.# ...##
##)##[..### .#
...###
###.##.)).### ..
.......
........### #.#
#######
##....### #
#...# # #.## #
#. #


You could see a tengu conjurer and a battlesphere.

Vanquished Creatures
  Harold (D:8)
  A boulder beetle (D:8)
  A two-headed ogre (D:8)
  A gargoyle (D:9)
  A tengu conjurer (D:9)
  A hornet (D:9)
  A shadow (D:9)
  Eustachio (D:4)
  A steam dragon (D:6)
  3 vampire mosquitoes (D:9)
  2 water moccasins
  3 black bears
  4 orc warriors
  3 ice beasts
  A sky beast (D:6)
  A necrophage (D:5)
  3 ogres
  6 centaurs
  Blork the orc (D:5)
  A kobold brigand (D:6)
  A bullfrog (D:6)
  A gnoll sergeant (D:7)
  7 scorpions
  6 killer bees
  9 wights
  3 electric eels
  5 howler monkeys
  4 orc priests
  6 hounds
  A gnoll shaman (D:4)
  5 jellies
  7 orc wizards
  4 iguanas (D:6)
  Robin (D:2)
  13 adders
  9 gnolls
  2 shadow imps
  2 white imps
  An ufetubus (D:5)
  5 worms
  3 dart slugs
  27 orcs
  14 bats
  6 endoplasms
  2 giant cockroaches
  17 goblins
  11 hobgoblins
  5 jackals
  13 kobolds
  A quokka (D:4)
  6 ball pythons
  4 frilled lizards
  8 rats
246 creatures vanquished.

Vanquished Creatures (others)
  7 fungi (D:8)
  3 plants (D:2)
10 creatures vanquished.

Grand Total: 256 creatures vanquished

Notes
Turn   | Place    | Note
-------+----------+-------------------------------------------
     0 | D:1      | Hasart the Demigod Gladiator began the quest for the Orb.
     0 | D:1      | Reached XP level 1. HP: 17/17 MP: 3/3
   220 | D:1      | Found Ydghuubao's Distillery.
   676 | D:1      | Reached XP level 2. HP: 24/24 MP: 4/4
   804 | D:1      | Reached skill level 3 in Long Blades
  1586 | D:2      | Identified the +4 chain mail of Foosaqod {rN+ Str+2}
  1633 | D:2      | Reached XP level 3. HP: 29/29 MP: 5/5
  1657 | D:2      | Reached skill level 1 in Stealth
  1961 | D:2      | Identified the +1 leather armour of Ajesycla {Str+2}
  2625 | D:3      | Noticed Robin
  2818 | D:2      | Reached XP level 4. HP: 36/36 MP: 6/6
  2822 | D:2      | Killed Robin
  4139 | D:3      | Reached XP level 5. HP: 34/42 MP: 7/7
  4251 | D:3      | Noticed an ogre
  4270 | D:3      | Killed an ogre
  4271 | D:3      | Reached skill level 4 in Long Blades
  4553 | D:4      | Reached XP level 6. HP: 50/50 MP: 8/8
  4664 | D:4      | Noticed Eustachio
  5180 | D:4      | Killed Eustachio
  5697 | D:4      | Reached skill level 5 in Long Blades
  5697 | D:4      | Reached XP level 7. HP: 53/57 MP: 9/9
  5803 | D:5      | Entered Level 5 of the Dungeon
  5979 | D:5      | Noticed Blork the orc
  5997 | D:5      | Killed Blork the orc
  7245 | D:6      | Reached XP level 8. HP: 55/66 MP: 10/10
  7437 | D:6      | Reached skill level 6 in Long Blades
  7437 | D:6      | Reached skill level 1 in Evocations
  7956 | D:6      | Reached skill level 5 in Dodging
  8658 | D:6      | Identified a scroll of acquirement
  8658 | D:6      | Acquired the +8 triple sword of the Shoals {antimagic,
                  | Str+3}
  9159 | D:6      | Reached XP level 9. HP: 72/72 MP: 3/11
  9249 | D:7      | Reached skill level 7 in Long Blades
  9665 | D:7      | Reached skill level 5 in Throwing
  9665 | D:7      | Reached skill level 5 in Stealth
  9699 | D:7      | Reached skill level 5 in Fighting
 10090 | D:7      | Found a staircase to the Ecumenical Temple.
 10535 | D:8      | Noticed a boulder beetle
 10650 | D:8      | Killed a boulder beetle
 10895 | D:8      | Reached skill level 8 in Long Blades
 11068 | D:8      | Reached XP level 10. HP: 54/81 MP: 4/13
 11256 | D:8      | Noticed Harold
 11910 | D:8      | Noticed a two-headed ogre
 11919 | D:8      | Killed a two-headed ogre
 12437 | D:8      | Killed Harold
 12636 | D:9      | Reached skill level 9 in Long Blades
 13405 | D:9      | Killed from afar by a tengu conjurer

Illustrated notes

Levels and vault maps discovered:
D:1:      erik_arrival_cave_to_civilisation [erik_arrival_cave_to_hall],
          layout_basic, serial_shops, shop
D:2:      layout_basic, serial_forest, infiniplex_forest_lined_room_2,
          infiniplex_forest_straight_3, infiniplex_forest_join,
          infiniplex_forest_clump_large, infiniplex_forest_clump_tiny,
          infiniplex_forest_lined_2, shapermc_ecumenical_altar_mp_vishouse,
          basic_altar, wad_floor_pattern_2, minmay_hexomino_r4
D:3:      minmay_chambers_of_twos, layout_basic, uniq_robin
D:4:      layout_basic, uniq_eustachio
D:5:      layout_loops_ring, uniq_blork_the_orc
D:6:      layout_basic, minmay_alternating_orb
D:7:      layout_cave_pools, marbit_many_paths, temple_pool_b, serial_park,
          serial_park_fountain, serial_park_square1
          [serial_park_minivault_5x5_1], serial_park_square3
          [serial_park_minivault_5x5_8], serial_park_tiny_2, serial_park_tiny_2
D:8:      old_forge, layout_loops_ring, lemuel_coloured_pillars_altar,
          kennysheep_generic_room_2, uniq_harold
D:9:      layout_cave_pods, beargit_hepliaklqana_dungeon_heroes, minivault_25,
          hellmonk_guarded_unrand_staff_of_battle

Skill      XL: |  1  2  3  4  5  6  7  8  9 10 |
---------------+-------------------------------+-----
Throwing       | 2 3 4 5 6 |  6.3
Fighting       | 2 3 4 5 6 |  6.2
Long Blades    | 3 4 5 6 8 9 |  9.1
Stealth        | 1 2 3 4 5 6 |  6.5
Dodging        | 3 4 5 6 |  6.7
Evocations     | 2 3 4 |  4.7

Action                   |  1- 3 |  4- 6 |  7- 9 | 10-12 || total
-------------------------+-------+-------+-------+-------++-------
Melee: Long sword        |    74 |       |    14 |       ||    88
       Punch             |     2 |     5 |     6 |       ||    13
       Dagger            |   104 |   233 |   251 |       ||   588
       Triple sword      |       |       |   104 |    96 ||   200
Throw: Dart              |       |     1 |    26 |    29 ||    56
Evoke: Wand              |       |       |     3 |       ||     3
  Use: Scroll            |       |     2 |     3 |     2 ||     7
       Potion            |       |       |       |     2 ||     2
 Stab: Sleeping          |     1 |       |       |       ||     1
Armor: Leather armour    |    33 |       |       |       ||    33
       Chain mail        |    55 |   142 |   207 |    68 ||   472
Dodge: Dodged            |   130 |   101 |   207 |    82 ||   520

Table legend: (Time is in decaauts)
 A = Elapsed time spent in this place.
 B = Non-inter-level travel time spent in this place.
 C = Inter-level travel time spent in this place.
 D = Time resting spent in this place.
 E = Time spent auto-exploring this place.
 F = Levels seen in this place.
 G = Mean time per level.
                   A        B        C        D        E       F      G
               +--------+--------+--------+--------+--------+-----+--------+
         Total |  13420 |  13048 |    372 |   2121 |   8520 |   9 | 1491.1 |
       Dungeon |  13420 |  13048 |    372 |   2121 |   8520 |   9 | 1491.1 |
               +--------+--------+--------+--------+--------+-----+--------+

Top non-repeatable levels by time:
     D:6: 2182 daAuts
     D:8: 1829 daAuts
     D:7: 1579 daAuts
     D:3: 1560 daAuts
     D:2: 1543 daAuts
     D:4: 1452 daAuts
     D:1: 1315 daAuts
     D:5: 1235 daAuts
     D:9: 721 daAuts
